 Dungeon Crawl Stone Soup version 0.22-a0-346-ga714374 (webtiles) character file.

73 grindst0ne the Sneak (level 4, 0/43 HPs)
             Began as an Octopode Assassin on Apr 6, 2018.
             Was an Initiate of Cheibriados.
             Slain by Ijyb
             ... wielding a +1 dagger of draining
              (4 damage)
             ... while paralysed by Ijyb
             ... on level 4 of the Dungeon.
             The game lasted 00:03:47 (1672 turns).

grindst0ne the Sneak (Octopode Assassin)            Turns: 1672, Time: 00:03:48

Health: 0/43       AC:  1    Str: 16    XL:     4   Next: 27%
Magic:  4/4        EV:  2    Int: 14    God:    Cheibriados [......]
Gold:   74         SH:  0    Dex: 15    Spells: 3/3 levels left

rFire    . . .     SeeInvis .   a - +2 dagger
rCold    . . .     Gourm    .   (no shield)
rNeg     . . .     Faith    .   (helmet restricted)
rPois    .         Spirit   .   (no amulet)
rElec    .         Reflect  .   (no ring)
rCorr    .         Harm     .   (no ring)
MR       .....                  (no ring)
Stlth    ..........             (no ring)
HPRegen  0.14/turn              (no ring)
MPRegen  0.09/turn              (no ring)
                                (no ring)
                                (no ring)

@: paralysed, berserking (expiring), drained, very slow
A: almost no armour, stealthy swim, amphibious, 8 rings, constrict 8, camouflage
1, gelatinous body 1
a: Bend Time, Renounce Religion


You were on level 4 of the Dungeon.
You worshipped Cheibriados.
Cheibriados was noncommittal.
You were not hungry.

You visited 1 branch of the dungeon, and saw 3 of its levels.

You collected 74 gold pieces.

Inventory:

Hand Weapons
 a - a +2 dagger (weapon)
 b - a +0 blowgun
 h - a +2 dagger of speed
Missiles
 c - 8 poisoned needles
 d - 2 curare-tipped needles
 l - 8 tomahawks (quivered)
Wands
 o - a wand of scattershot (3)
Scrolls
 g - a scroll of immolation {unknown}
 i - a scroll of identify {unknown}
 n - a scroll of magic mapping {unknown}
 q - a scroll of fear {unknown}
Potions
 m - a potion of mutation {unknown}
Comestibles
 f - 2 rations
 p - a chunk of flesh


   Skills:
 - Level 2.0(1.3) Fighting
 - Level 2.0(1.3) Short Blades
 + Level 3.0(2.3) Throwing
 + Level 2.3(1.6) Dodging
 + Level 6.2(5.4) Stealth


You had 3 spell levels left.
You didn't know any spells.

Dungeon Overview and Level Annotations

Branches:
Dungeon (2/15)

Altars:
Cheibriados

Annotations:
D:4 Ijyb


Innate Abilities, Weirdness & Mutations

You cannot wear most types of armour.
You are very stealthy in the water. (Stealth+)
You are amphibious.
You can wear up to eight rings at the same time.
You can use your tentacles to constrict eight enemies at once.
Your skin changes colour to match your surroundings (Stealth+).
Your rubbery body absorbs attacks. (AC +1, EV +1)


Message History

You can move again.
You see here 3 stones.
Ijyb zaps a wand.
You resist with some effort.
Okay, then.
It was a potion of berserk rage.
A red film seems to cover your vision as you go berserk!
Cheibriados protects you from inadvertent hurry.
You feel mighty!
You barely miss Ijyb. Your grab misses Ijyb.
Ijyb zaps a wand.
You resist with some effort.
You barely miss Ijyb. You grab Ijyb. You constrict Ijyb, but do no damage.
Ijyb zaps a wand.
You suddenly lose the ability to move!
You lose your grip on Ijyb.
Ijyb zaps a wand.
You resist with some effort.
Ijyb hits you with a dagger of draining.
* * * LOW HITPOINT WARNING * * *
You feel drained.
Ijyb zaps a wand.
You shrug off the repeated paralysis!
Ijyb hits you with a dagger of draining.
You die...

###.### #..#
#...........≈ #.....#
####..# #####..#....
#.....###.....# #..# .
#.............#
##..####.#
#.....###.#.#.#
#........# #.....#
#.#.#.#######...#.####
#######
#.#.#...........#.#
#.#.#########..## #
#.#.....@go(...#
#.############(# #.#
#(# #.# #.g ###. .. .#
g#


You could see Ijyb and an orc.

Vanquished Creatures
  4 adders
  An adder skeleton (D:4)
  A worm (D:4)
  2 dart slugs
  2 leopard geckos
  2 orcs (D:4)
  A bat (D:2)
  2 giant cockroaches (D:1)
  A goblin (D:1)
  A frilled lizard (D:1)
  5 kobolds
  4 rats
26 creatures vanquished.

Notes
Turn   | Place    | Note
-------+----------+-------------------------------------------
     0 | D:1      | grindst0ne the Octopode Assassin began the quest for the Orb.
     0 | D:1      | Reached XP level 1. HP: 14/14 MP: 1/1
   222 | D:1      | Reached XP level 2. HP: 19/19 MP: 2/2
   382 | D:1      | You fall through a shaft!
   400 | D:2      | Found a snail-covered altar of Cheibriados.
   404 | D:2      | Became a worshipper of Cheibriados the Contemplative
   929 | D:2      | Reached XP level 3. HP: 12/24 MP: 3/3
  1072 | D:2      | Found a faded altar of an unknown god.
  1488 | D:2      | You fall through a shaft for 2 floors!
  1503 | D:4      | Reached skill level 6 in Stealth
  1533 | D:4      | Reached XP level 4. HP: 21/29 MP: 4/4
  1652 | D:4      | Noticed Ijyb
  1658 | D:4      | Paralysed by Ijyb for 6 turns
  1668 | D:4      | Paralysed by Ijyb for 5 turns
  1672 | D:4      | Slain by Ijyb

Vault maps used:
D:1:      elethiomel_arrival_maze
D:2:      chequers_ecumenical_altar_lobes, cheibriados_altar_1
D:4:      nicolae_qazlal_general_emergency, uniq_ijyb, uniq_crazy_yiuf_cottage

Skill      XL: |  1  2  3  4 |
---------------+-------------+-----
Dodging        | 2 |  2.3
Stealth        | 6 |  6.2
Throwing       | 3 |  3.0
Fighting       | |  2.0
Short Blades   | |  2.0

Action                   |  1- 3 |  4- 6 || total
-------------------------+-------+-------++-------
Melee: Dagger            |    39 |    13 ||    52
       Constrict         |     7 |     5 ||    12
       Tentacles         |     5 |     2 ||     7
  Use: Potion            |       |     2 ||     2
       Scroll            |       |     1 ||     1
 Stab: Sleeping          |     7 |       ||     7
  Eat: Chunk             |     2 |     1 ||     3
Armor: Skin              |     1 |     2 ||     3
Dodge: Dodged            |    17 |    12 ||    29

Table legend:
 A = Spawn XP
 B = Non-spawn XP
 C = Spawn XP percentage of total XP
 D = Spawn monster count
 E = Non-spawn monster count
 F = Spawn count percentage of total count
 G = Total turns spent on level
                    A         B        C        D         E        F      G
               +---------+---------+-------+---------+---------+-------+---------
         Total |       0 |     105 |   0.0 |       0 |      26 |   0.0 |  1672
               +---------+---------+-------+---------+---------+-------+---------
           D:1 |       0 |      16 |   0.0 |       0 |      10 |   0.0 |   774
           D:2 |       0 |      42 |   0.0 |       0 |       9 |   0.0 |   714
           D:4 |       0 |      47 |   0.0 |       0 |       7 |   0.0 |   184
               +---------+---------+-------+---------+---------+-------+---------
